 Dungeon Crawl Stone Soup version 0.16-a0-38-g23a437e (webtiles) character file.

459 Raurakos the Chiller (level 6, 0/45 HPs)
             Began as a Draconian Ice Elementalist on Aug 3, 2014.
             Succumbed to a killer bee's poison
             ... on Level 5 of the Dungeon.
             The game lasted 00:22:06 (5554 turns).

Raurakos the Chiller (Draconian Ice Elementalist)   Turns: 5554, Time: 00:22:06

HP   0/45        AC  7     Str 10      XL: 6   Next: 78%
MP   1/10        EV 12     Int 13 (17) God:
Gold 258         SH  0     Dex 14      Spells:  3 memorised,  3 levels left

rFire  . . .     SeeInvis +     y - +1 flail (drain)
rCold  . . .     Clarity  .     (armour unavailable)
rNeg   . . .     rCorr    .     (no shield)
rPois  .         rRot     .     u - +1 hat {SInv}
rElec  .         Spirit   .     (no cloak)
SustAb .         Warding  .     (no gloves)
rMut   .         Stasis   .     (no boots)
Gourm  .                        (no amulet)
MR     .....                    (no ring)
                                g - +2 ring of intelligence

@: confused, lethally poisoned, not resistant to hostile enchantments, very
unstealthy
A: unfitting armour, cold-blooded, AC +6
a: no special abilities


You were on level 5 of the Dungeon.
You were very hungry.

You visited 1 branch of the dungeon, and saw 6 of its levels.

You collected 258 gold pieces.

Inventory:

Hand weapons
 y - a +1 flail of draining (weapon)
Missiles
 h - 30 stones (quivered)
 k - 4 tomahawks
 r - 40 poisoned needles
Armour
 u - a +1 hat of see invisible (worn)
Magical devices
 x - a wand of fireball (2)
Comestibles
 c - 5 bread rations
 f - 4 fruits
 q - a slice of pizza
 w - a beef jerky
Scrolls
 d - 6 scrolls of remove curse
 e - a scroll of teleportation {unknown}
 i - a scroll of fear {unknown}
 j - 2 scrolls of enchant armour {unknown}
 l - 2 scrolls of recharging {unknown}
 t - a scroll of random uselessness {unknown}
Jewellery
 g - a +2 ring of intelligence (left hand)
Potions
 m - 3 potions of haste
 n - 2 potions of might
 o - a potion of cure mutation
 p - a potion of resistance
 s - a potion of brilliance
Books
 b - a book of Frost

   Spells                             Type                      Level
   *Freeze                            Ice                          1
   *Throw Frost                       Conjuration/Ice              2
   *Ozocubu's Armour                  Charms/Ice                   3
   Throw Icicle                       Conjuration/Ice              4
   Summon Ice Beast                   Ice/Summoning                4
   Condensation Shield                Ice                          4


   Skills:
 - Level 1.7 Dodging
 - Level 1.7 Stealth
 - Level 2.0 Spellcasting
 - Level 1.0 Conjurations
 + Level 7.8 Ice Magic


You had 3 spell levels left.
You knew the following spells:

 Your Spells              Type           Power        Failure   Level  Hunger
a - Freeze                Ice            ###.         1%          1    ##.....
b - Ozocubu's Armour      Chrm/Ice       ##......     17%         3    ####...
c - Throw Frost           Conj/Ice       ##....       10%         2    ###....


Dungeon Overview and Level Annotations

Branches:
Dungeon (6/15)
 Temple: D:4-7

Altars:
Elyvilon
Gozag
Makhleb

Shops:
D:5 *

Annotations:
D:2 Sigmund
D:4 Grinder
D:5 exclusion: centaur
D:6 Bloax's ghost, average VSGl


Innate Abilities, Weirdness & Mutations

Your plain brown scales are hard (AC +6).
Your body does not fit into most forms of armour.
Your cold-blooded metabolism reacts poorly to cold.


Message History

Aim: a killer bee (heavily wounded)
You freeze the killer bee.
The killer bee is almost dead.
You feel sick. The killer bee stings you.
You are more poisoned.
The killer bee poisons you! The killer bee stings you.
* * * LOW HITPOINT WARNING * * *
Drink which item? (? for menu, Esc to quit)
There was something very wrong with that liquid!
You feel dopey.
It was a potion of degeneration.
* * * LOW HITPOINT WARNING * * *
You feel sick. The killer bee stings you.
* * * LOW HITPOINT WARNING * * *
The killer bee stings you.
* * * LOW HITPOINT WARNING * * *
Drink which item? (? for menu, Esc to quit)
You are confused.
It was a potion of confusion.
You die...

.##...........## #.# #
###............# #.########
.#############.## #.<#....##
.# #..# #..#.##.## .# ##.##
#..#.##.## .####### #..#
#....##... ........
##%#######'######## #.......
#.#........# .....
#@#........#
......#######y#........#
..............#######+##
####.........$.##......%....#
#.........).##..∩........#
###########..#...........#
..#...........#
.............. .............


You could see a killer bee.

Vanquished Creatures
  An ogre (D:5)
  2 killer bees (D:5)
  An orc priest (D:4)
  A hound (D:4)
  An iguana (D:4)
  5 adders
  A scorpion zombie (D:5)
  4 giant mites
  2 gnolls (D:1)
  2 shadow imps (D:6)
  An inept item mimic (D:4)
  5 worms
  5 giant geckos
  An ooze (D:3)
  2 orcs
  12 bats
  2 giant cockroaches
  5 goblins
  6 hobgoblins
  3 jackals (D:1)
  6 kobolds
  2 quokkas (D:5)
  A rat (D:2)
71 creatures vanquished.

Notes
Turn   | Place    | Note
--------------------------------------------------------------
     0 | D:1      | Raurakos, the Draconian Ice Elementalist, began the quest for the Orb.
     0 | D:1      | Reached XP level 1. HP: 14/14 MP: 3/3
   450 | D:1      | Reached XP level 2. HP: 15/20 MP: 0/4
   831 | D:1      | Reached skill level 4 in Ice Magic
   973 | D:1      | Reached XP level 3. HP: 26/26 MP: 1/6
  1058 | D:1      | Learned a level 3 spell: Ozocubu's Armour
  1061 | D:1      | Learned a level 2 spell: Throw Frost
  1274 | D:2      | Found an opulent altar of Gozag.
  1405 | D:2      | Reached XP level 4. HP: 26/33 MP: 1/7
  1530 | D:2      | Reached skill level 5 in Ice Magic
  2045 | D:2      | Noticed Sigmund
  2408 | D:3      | Found a burning altar of Makhleb.
  2722 | D:3      | Reached XP level 5. HP: 38/38 MP: 6/9
  3248 | D:4      | Reached skill level 6 in Ice Magic
  4014 | D:4      | Noticed Grinder
  4487 | D:4      | Paralysed by Grinder for 3 turns
  4556 | D:5      | Entered Level 5 of the Dungeon
  4726 | D:5      | Found Veitip's Assorted Antiques.
  4727 | D:5      | Noticed a centaur
  4827 | D:5      | Found a white marble altar of Elyvilon.
  4850 | D:5      | Noticed an ogre
  4860 | D:5      | Killed an ogre
  4860 | D:5      | Reached skill level 7 in Ice Magic
  4860 | D:5      | Reached XP level 6. HP: 18/45 MP: 0/10
  5398 | D:6      | Noticed Bloax's ghost (average VSGl)
  5553 | D:5      | HP: 1/45 [killer bee (3)]
  5554 | D:5      | Succumbed to a killer bee's poison

Action                   |  1- 3 |  4- 6 || total
-------------------------+-------+-------++-------
Melee: Club              |    31 |    14 ||    45
       Flail             |       |    30 ||    30
Throw: Tomahawk          |     5 |     8 ||    13
       Stone             |       |    52 ||    52
 Cast: Freeze            |    39 |    96 ||   135
       Ozocubu's Armour  |       |     2 ||     2
Evoke: Wand              |       |     2 ||     2
  Use: Scroll            |       |     8 ||     8
       Potion            |       |     3 ||     3
 Stab: Sleeping          |     2 |     3 ||     5
  Eat: Chunk             |     2 |    13 ||    15
       Fruit             |       |     1 ||     1
